cohdb
Replays
Latest Replays
All Replays
Popular Replays
Top Player Replays
Match Explorer
How It Works
Community
CoH3 Stats
Reddit
Sign in to upload your games and track your stats! →
Sign in with Steam
Match 32469020
Unlisted
Match 32469020
Overview
Messages
Build Orders
End
Construct Infanterie Kompanie
MG 42 Machine Gun Team
Grenadier Squad
Grenadier Squad
Construct Panzergrenadier Kompanie
251 Medium Carrier
Pak 40 Anti-tank Gun Team
Panzergrenadier Squad
Panzergrenadier Officer Quarters
Selects Mechanized Battlegroup
Selects Raid Package
251 Medium Carrier
Medical Station
Construct Panzer Kompanie
Selects Mobile Repair Stations
Stoßtruppen Squad
company of idiots
RETROMAN
whatislove
jooooooohn
Dahlian
-{CAA}- Akvavi
Fredsch
Turtleboy
0
0
Comments
sign in to comment!
No comments posted yet!